Map: Echo LE (Void)

Players

MarineLorD - Winner!

  • Race: Terran Terran
  • League: Master
  • Spawn Location: 5:00

Reynor

  • Race: Zerg Zerg
  • League: Grandmaster
  • Spawn Location: 11:00

Event: NationWars IV

VOD

Have the link to the VOD?

Description

Time

  • Played on: Jan. 6, 2017, 2:36 p.m.
  • Length: 15:35

All games in this series

Show
View Real Time Build Order
Export as new Build Order

MarineLorD Terran - Winner!

Build Orders: Reaper Expand, MMM Bio 

Get SALT Encoding   

  12  0:00  SCV  
  13  0:13  SCV  
  14  0:17  Supply Depot  
  14  0:25  SCV  
  15  0:39  SCV  
  15  0:40  Barracks  
  16  0:44  Refinery  
  16  0:51  SCV  
  17  1:03  SCV  
  18  1:15  SCV  
  19  1:27  Orbital Command, Reaper  
  20  1:38  Command Center  
  20  1:49  Barracks  
  20  1:53  SCV  
  21  1:59  Barracks Reactor  
  21  2:05  SCV  
  22  2:09  Supply Depot  
  22  2:17  SCV  
  22  2:19  Refinery  
  23  2:27  Factory  
  23  2:30  SCV  
  23  2:35  Marine x2  
  23  2:36  Barracks Tech Lab  
  26  2:42  SCV  
  27  2:53  Marine x2  
  27  2:54  SCV  
  27  2:55  Marine  
  31  3:03  Stimpack  
  31  3:08  SCV  
  31  3:09  Orbital Command  
  31  3:12  Marine x2  
  34  3:14  Marine  
  35  3:20  SCV  
  36  3:29  Marine x2  
  36  3:32  SCV  
  39  3:35  Factory Reactor  
  39  3:37  SCV  
  39  3:38  Starport  
  40  3:42  Supply Depot  
  40  3:44  SCV  
  40  3:46  Marine  
  40  3:47  Marine x2  
  44  3:49  SCV  
  45  3:56  SCV  
  45  3:57  Supply Depot  
  46  4:04  Marine  
  46  4:05  Marine, SCV  
  46  4:08  SCV  
  50  4:11  Supply Depot  
  50  4:17  Marine, SCV  
  50  4:20  SCV  
  50  4:22  Marine, Medivac x2  
  58  4:27  Marine  
  58  4:28  Supply Depot  
  59  4:32  SCV x2  
  59  4:34  Marine  
  62  4:40  Marine  
  62  4:42  Engineering Bay  
  62  4:43  Engineering Bay  
  63  4:46  Marine  
  63  4:49  SCV x2  
  63  4:51  Supply Depot  
  63  4:52  Marine  
  67  4:57  Marine  
  68  5:01  SCV x2  
  68  5:03  Combat Shields  
  68  5:04  Marine  
  71  5:08  Terran Infantry Weapons Level 1  
  71  5:09  Terran Infantry Armor Level 1  
  71  5:10  Marine  
  72  5:15  Marine  
  72  5:20  Command Center, SCV  
  74  5:29  Marine x2  
  74  5:34  SCV  
  77  5:42  Medivac x2  
  79  5:44  Refinery  
  79  5:45  Factory Reactor, Refinery  
  79  5:46  Marine  
  79  5:47  Marine x2  
  79  5:49  Barracks  
  82  5:52  SCV x2  
  84  6:05  Supply Depot  
  84  6:06  Barracks, Supply Depot, SCV  
  84  6:07  SCV  
  84  6:08  Barracks  
  86  6:27  Marine x3, SCV x2  
  86  6:31  Armory  
  91  6:35  Orbital Command  
  91  6:39  SCV  
  92  6:41  Factory Reactor  
  92  6:42  SCV  
  92  6:43  Marine x2  
  92  6:45  Marine  
  92  6:46  Supply Depot  
  96  6:47  Marine  
  96  6:50  Marine  
  96  6:51  SCV  
  96  6:54  SCV  
  99  6:55  Barracks Tech Lab x2  
  99  6:58  Factory Tech Lab  
  99  7:01  Marine x2  
  89  7:18  Siege Tank  
  89  7:19  Marauder x3, Marine  
  89  7:22  Terran Infantry Weapons Level 2, Terran Infantry Armor Level 2  
  97  7:29  Supply Depot  
  97  7:32  SCV  
  97  7:33  Orbital Command, SCV  
  99  7:37  Refinery  
  99  7:38  Marine x3  
  99  7:40  Marauder, Marine  
  99  7:41  Marine x2  
  107  7:54  Medivac x2  
  107  7:57  SCV x2  
  113  7:59  SCV  
  113  8:00  Siege Tank  
  113  8:04  Marauder x2, Supply Depot  
  113  8:05  Marine x2  
  123  8:09  SCV  
  120  8:21  SCV  
  120  8:24  Marauder, Marine x4  
  120  8:25  Marauder  
  129  8:28  Marine, Supply Depot  
  129  8:30  Medivac x2  
  134  8:36  Terran Vehicle Weapons Level 1, Siege Tank  
  134  8:37  Supply Depot  
  137  8:41  Marine  
  137  8:42  Marine x3  
  137  8:46  Supply Depot  
  137  8:47  Supply Depot  
  141  8:49  Marine  
  141  8:50  Marauder x2, Supply Depot  
  146  8:58  Supply Depot  
  146  8:59  Marine x2  
  147  9:03  Marine x2  
  147  9:08  Marauder  
  151  9:11  Marauder x2  
  155  9:17  Marine  
  155  9:19  Marine  
  155  9:21  Marine x2  
  159  9:24  Barracks  
  159  9:25  Barracks  
  159  9:26  Barracks, Medivac x2, Siege Tank  
  159  9:29  Marauder  
  168  9:32  Marine  
  168  9:33  Marauder  
  168  9:35  Marine  
  160  9:39  Marine x2  
  160  9:40  Marine  
  136  9:51  Marauder x2  
  130  9:53  Marine  
  130  9:54  Marauder  
  130  9:56  Medivac x2  
  130  9:57  Marine x3  
  136  10:06  Terran Infantry Armor Level 3, Terran Infantry Weapons Level 3  
  133  10:11  Marine  
  133  10:12  Marauder x2, Barracks Tech Lab x2, Barracks Reactor, Liberator  
  133  10:13  Liberator  
  138  10:15  Marine, Supply Depot  
  138  10:17  Marine  
  138  10:18  Marine  
  142  10:28  Marine  
  142  10:29  Refinery  
  142  10:33  Marine x2  
  150  10:51  Marine x3  
  150  10:52  Marauder, Marine  
  150  10:56  Marine  
  156  11:00  Marine x2  
  157  11:05  Marauder x2  
  157  11:06  Marauder  
  157  11:07  Command Center  
  157  11:08  Missile Turret  
  157  11:10  Marine  
  164  11:18  Marine, Siege Tank  
  167  11:24  Medivac  
  167  11:25  Medivac  
  172  11:36  Missile Turret  
  172  11:38  Marauder x3  
  178  11:44  Marauder, Marine  
  179  11:51  Marine  
  179  11:54  Marine x2, Medivac  
  182  11:55  Medivac  
  182  11:57  Marauder  
  187  12:03  Siege Tank  
  187  12:07  Liberator  
  175  12:08  Marauder  
  175  12:11  Marine  
  175  12:15  Liberator  
  169  12:16  SCV  
  169  12:21  Marine  
  170  12:43  Marauder  
  142  12:46  Marine  
  142  12:48  Marine  
  142  12:49  Missile Turret  
  142  12:50  Liberator  
  121  12:55  Marauder  
  121  12:57  Liberator  
  110  13:00  Marauder  
  118  13:21  Planetary Fortress  
  118  13:30  Marine x2  
  118  13:33  Liberator  
  120  13:37  Marine  
  120  13:38  Marine x3  
  120  13:39  Marine x2  
  120  13:40  Liberator  
  126  13:46  Siege Tank  
  129  13:51  Marauder, Marine x2  
  136  13:59  Marauder, Marine x2  
  136  14:00  Marauder  
  145  14:03  Marauder, Marine x2  
  149  14:13  Marine  
  149  14:14  Marauder  
  149  14:16  Liberator  
  149  14:19  Marine x3  
  149  14:20  Marauder, Marine  
  149  14:22  Marauder, Marine  
  149  14:23  Liberator  
  158  14:27  Marauder, Marine  
  160  14:31  Marine  
  160  14:35  Marauder  
  160  14:37  Marine x2  
  168  14:39  Marauder  
  168  14:41  Marauder  
  175  14:46  Siege Tank  
  175  14:51  Marauder, Marine  
  181  15:02  Marauder  
  181  15:03  Marauder, Marine  
  181  15:06  Marauder, Marine x3  
  176  15:08  Marauder, Marine  
  176  15:09  Marine  
  174  15:14  Marauder  
Show
View Real Time Build Order
Export as new Build Order

Reynor Zerg 

Build Orders: Pool First 

Get SALT Encoding   

  12  0:01  Drone  
  13  0:12  Overlord  
  13  0:17  Drone  
  14  0:24  Extractor, Drone  
  15  0:31  Drone  
  15  0:35  Drone  
  17  0:45  Spawning Pool  
  17  0:48  Drone  
  17  1:10  Hatchery  
  16  1:11  Drone  
  16  1:14  Drone  
  16  1:16  Extractor  
  17  1:20  Drone  
  18  1:32  Zergling x2, Queen  
  19  1:39  Overlord  
  21  1:49  Drone  
  22  2:01  Drone  
  23  2:08  Queen  
  23  2:11  Drone  
  26  2:17  Metabolic Boost  
  26  2:22  Drone x2  
  28  2:23  Queen  
  30  2:33  Overlord, Drone  
  31  2:40  Drone x2  
  31  2:41  Drone  
  34  2:45  Drone  
  34  2:48  Overlord  
  34  2:54  Drone  
  34  2:56  Drone  
  37  3:05  Zergling x2  
  37  3:08  Zergling x2  
  38  3:17  Drone x2  
  38  3:19  Drone  
  42  3:20  Drone  
  42  3:21  Zergling x2  
  43  3:31  Drone x2  
  43  3:32  Overlord, Drone  
  43  3:33  Drone  
  46  3:41  Zergling x4  
  48  3:42  Queen  
  48  3:45  Hatchery  
  49  3:50  Overlord  
  49  3:51  Drone x2  
  49  3:52  Drone  
  49  3:53  Extractor, Drone  
  52  3:57  Queen  
  52  4:02  Drone  
  55  4:03  Zergling x2  
  55  4:06  Drone  
  55  4:08  Drone x2  
  59  4:14  Evolution Chamber  
  59  4:15  Zergling x4, Evolution Chamber  
  59  4:23  Zergling x2  
  60  4:24  Overlord  
  60  4:25  Drone x2  
  60  4:30  Zergling x2  
  63  4:36  Queen  
  63  4:38  Overlord  
  65  4:39  Zergling x6  
  65  4:42  Drone  
  65  4:44  Zerg Ground Armor Level 1  
  69  4:48  Zergling x4  
  71  4:55  Zergling x6  
  71  4:56  Zerg Melee Weapons Level 1  
  71  4:58  Zergling x2  
  71  4:59  Drone  
  76  5:01  Drone  
  79  5:07  Drone x3  
  79  5:08  Overlord  
  79  5:11  Drone  
  79  5:13  Drone  
  82  5:19  Zergling x2  
  83  5:23  Zergling x4  
  83  5:26  Zergling x4  
  83  5:27  Zergling x2  
  85  5:30  Drone  
  85  5:33  Roach Warren  
  85  5:39  Zergling x4  
  85  5:40  Drone  
  82  5:43  Lair  
  82  5:45  Zergling x8  
  85  5:50  Overlord  
  85  5:51  Drone, Queen  
  88  5:57  Zergling x4  
  88  6:00  Drone  
  88  6:03  Drone  
  92  6:04  Drone x2  
  92  6:06  Extractor, Spore Crawler  
  92  6:08  Drone x2  
  94  6:14  Roach  
  94  6:15  Roach  
  94  6:16  Roach x2  
  102  6:19  Roach  
  102  6:21  Roach  
  102  6:24  Overlord  
  106  6:30  Overlord x2  
  106  6:31  Overlord  
  106  6:39  Overlord  
  106  6:42  Infestation Pit, Queen  
  106  6:43  Drone x2  
  106  6:45  Roach x2  
  106  6:46  Drone  
  114  6:51  Roach  
  114  6:52  Zergling x2  
  114  6:53  Zergling x2  
  118  6:55  Zerg Ground Armor Level 2  
  118  6:56  Drone  
  118  6:57  Glial Reconstitution  
  118  6:59  Roach  
  118  7:00  Extractor  
  118  7:01  Drone x4  
  123  7:02  Drone  
  123  7:03  Extractor, Drone x4  
  123  7:05  Extractor  
  123  7:06  Roach x2  
  130  7:11  Zergling x2  
  113  7:15  Zergling x2  
  113  7:18  Zergling x2  
  113  7:21  Zergling x2  
  115  7:27  Spore Crawler, Drone x2  
  115  7:29  Zerg Melee Weapons Level 2  
  116  7:33  Zergling x2  
  116  7:34  Overlord  
  116  7:35  Zergling x6  
  116  7:36  Zergling x4  
  122  7:39  Drone x2  
  124  7:45  Zergling x2  
  124  7:48  Zergling x2  
  125  7:51  Zergling x2  
  125  7:55  Hive, Pathogen Glands  
  125  7:58  Roach x3  
  129  8:00  Zergling x2  
  129  8:02  Ravager x2  
  129  8:05  Roach x4  
  140  8:06  Zergling x6  
  140  8:12  Zergling x4  
  139  8:17  Zergling x2  
  139  8:18  Hatchery  
  139  8:22  Zergling x2  
  139  8:26  Ravager x4  
  143  8:27  Drone x2  
  143  8:29  Overlord x4  
  145  8:45  Overlord  
  145  8:47  Infestor x2  
  149  8:50  Zergling x10  
  149  8:54  Infestor  
  156  8:57  Drone x2  
  156  8:59  Zergling x2  
  156  9:02  Zergling x4  
  161  9:04  Burrow  
  161  9:05  Drone x3  
  161  9:09  Ravager  
  165  9:10  Roach, Ravager  
  165  9:11  Roach  
  165  9:12  Zergling x6  
  165  9:13  Overlord  
  172  9:20  Roach  
  172  9:23  Roach x2  
  172  9:24  Zergling x2, Roach x2  
  183  9:31  Zergling x2  
  183  9:35  Zergling x6  
  183  9:36  Roach x2  
  183  9:37  Zergling x2  
  147  9:47  Zergling x6  
  147  9:48  Roach  
  135  9:55  Roach x2  
  135  9:56  Zergling x2, Queen x2  
  136  10:00  Ultralisk Cavern  
  136  10:01  Zergling x2  
  137  10:07  Ravager x6  
  137  10:09  Zergling x6, Hatchery  
  143  10:19  Roach x2  
  143  10:20  Roach  
  149  10:22  Hatchery  
  148  10:30  Zergling x14  
  148  10:31  Zergling x2  
  156  10:36  Roach x2  
  156  10:37  Roach  
  162  10:43  Zergling x4  
  162  10:49  Zergling x2  
  163  10:53  Zergling x4  
  159  10:57  Hatchery  
  159  11:01  Roach  
  159  11:04  Chitinous Plating  
  158  11:05  Ultralisk x2  
  169  11:12  Zergling x12  
  169  11:15  Adrenal Glands  
  175  11:20  Ultralisk  
  175  11:21  Zergling x2  
  183  11:25  Ravager  
  183  11:26  Ravager  
  183  11:32  Zergling x6  
  187  11:35  Zergling x6  
  187  11:36  Zergling x4  
  192  11:45  Zergling x2  
  192  11:47  Overlord  
  192  12:00  Overlord  
  191  12:02  Overlord  
  191  12:07  Overlord  
  182  12:10  Zergling x4  
  182  12:13  Zergling x2  
  182  12:19  Overlord  
  182  12:20  Zerg Ground Armor Level 3  
  182  12:21  Ultralisk, Zerg Melee Weapons Level 3  
  182  12:22  Ultralisk  
  192  12:23  Ravager  
  192  12:25  Zergling x10  
  173  12:45  Ultralisk  
  173  12:49  Zergling x14  
  157  12:55  Infestor  
  157  12:56  Zergling x8  
  144  13:04  Hatchery  
  143  13:09  Ravager x2  
  143  13:11  Infestor  
  147  13:18  Zergling x6  
  147  13:19  Infestor, Zergling x2  
  151  13:25  Overseer  
  151  13:31  Roach x2  
  154  13:41  Spire  
  147  13:51  Ultralisk  
  158  14:10  Ultralisk  
  158  14:15  Zergling x8  
  158  14:16  Zergling x8  
  165  14:28  Ultralisk  
  168  14:32  Zergling x4  
  168  14:33  Zergling x4  
  170  14:38  Infestor  
  170  14:40  Zergling x2  
  170  14:41  Zergling x2  
  174  14:49  Extractor  
  173  14:54  Extractor  
  173  14:59  Zergling x8  
Tags
 
Add a new tag
Caveats
  • Supply blocks, unpowered buildings, or Contaminate may cause inaccurate times.
  • Supply counts are checked every 10 seconds.